[ AOE2 MATCH · #495925520 ]
UnrankedHuns vs Vikings
Player's team · WIN
Rival team · LOSS
[ REPLAY ANALYSIS · EXTRACTED FROM THE RECORDED GAME ]
Feudal
8:54
Castle
28:46
Imperial
47:27
| APM avg | 44.3 |
| APM peak | 74 |
| eAPM avg | 22.1 |
| Villagers / military | 166 / 139 |
Focus
⚔️ 36.1% · 🌾 63.9%
Knight ×99 · Skirmisher ×19 · Spearman ×10 · Scout Cavalry ×9 · Monk ×2
Feudal
9:54
Castle
25:40
Imperial
42:29
| APM avg | 60.3 |
| APM peak | 86 |
| eAPM avg | 33.8 |
| Villagers / military | 143 / 183 |
Focus
⚔️ 35.9% · 🌾 64.1%
Archer ×143 · Mangonel ×13 · Militia ×11 · Monk ×10 · Trebuchet (Packed) ×6
Match map
Initial resources + every placement click. Lines = walls · curves = elevation contours. ◆ gold · ⬟ stone · ● berries · ✦ relic · ◌ wall gap
Your base· Open — unwalled flank
Tayzer's base· Open — unwalled flank
Smoothed initial terrain · ◌ = detected wall gap · hover for details
Inputs per minute
— Mingzhou - - Tayzer
Build order — Mingzhou
First 150 of 504 actions detected
| 0:01 | Queue | Villager (Male) |
| 0:01 | Queue | Villager (Male) |
| 0:01 | Queue | Villager (Male) |
| 0:06 | Queue | Villager (Male) |
| 0:07 | Queue | Villager (Male) |
| 1:19 | Queue | Villager (Male) |
| 1:43 | Queue | Villager (Male) |
| 1:43 | Queue | Villager (Male) |
| 1:50 | Build | Lumber Camp |
| 2:18 | Queue | Villager (Male) |
| 2:48 | Queue | Villager (Male) |
| 2:48 | Queue | Villager (Male) |
| 2:49 | Queue | Villager (Male) |
| 3:34 | Queue | Villager (Male) |
| 3:34 | Queue | Villager (Male) |
| 3:59 | Queue | Villager (Male) |
| 4:00 | Queue | Villager (Male) |
| 4:00 | Queue | Villager (Male) |
| 4:35 | Queue | Villager (Male) |
| 4:36 | Queue | Villager (Male) |
| 4:36 | Queue | Villager (Male) |
| 4:36 | Queue | Villager (Male) |
| 4:40 | Build | Mill |
| 5:15 | Queue | Villager (Male) |
| 5:16 | Queue | Villager (Male) |
| 6:04 | Research | Loom |
| 6:04 | Research | Loom |
| 6:44 | Research | Feudal Age |
| 6:44 | Research | Feudal Age |
| 7:33 | Queue | Villager (Male) |
| 7:33 | Queue | Villager (Male) |
| 8:09 | Queue | Villager (Male) |
| 8:09 | Queue | Villager (Male) |
| 8:22 | Build | Barracks |
| 8:54 | Age | Feudal Age |
| 8:59 | Research | Double-Bit Axe |
| 9:10 | Build | Archery Range |
| 9:11 | Queue | Spearman |
| 9:12 | Queue | Spearman |
| 9:20 | Queue | Spearman |
| 9:38 | Queue | Spearman |
| 10:00 | Build | Watch Tower |
| 10:04 | Queue | Spearman |
| 10:06 | Queue | Skirmisher |
| 10:10 | Queue | Skirmisher |
| 10:16 | Queue | Villager (Male) |
| 10:28 | Queue | Skirmisher |
| 10:48 | Queue | Spearman |
| 11:19 | Queue | Villager (Male) |
| 11:53 | Queue | Skirmisher |
| 11:58 | Build | Palisade Wall |
| 11:59 | Build | Palisade Wall |
| 12:00 | Build | Palisade Wall |
| 12:03 | Build | Mining Camp |
| 12:08 | Queue | Villager (Male) |
| 12:21 | Queue | Skirmisher |
| 12:26 | Queue | Villager (Male) |
| 12:41 | Build | Farm |
| 12:41 | Build | Farm |
| 12:46 | Queue | Skirmisher |
| 13:02 | Build | Farm |
| 13:11 | Queue | Villager (Male) |
| 13:21 | Build | Farm |
| 13:37 | Build | Farm |
| 13:38 | Build | Farm |
| 13:51 | Queue | Villager (Male) |
| 13:51 | Queue | Villager (Male) |
| 14:00 | Build | Farm |
| 14:07 | Queue | Skirmisher |
| 14:22 | Queue | Villager (Male) |
| 14:28 | Queue | Skirmisher |
| 14:50 | Queue | Villager (Male) |
| 14:50 | Queue | Villager (Male) |
| 15:16 | Queue | Villager (Male) |
| 15:20 | Build | Farm |
| 15:33 | Queue | Villager (Male) |
| 15:35 | Build | Blacksmith |
| 15:38 | Build | Farm |
| 15:40 | Build | Farm |
| 15:48 | Queue | Villager (Male) |
| 16:00 | Queue | Spearman |
| 16:09 | Queue | Skirmisher |
| 16:21 | Queue | Villager (Male) |
| 16:24 | Build | Farm |
| 16:28 | Queue | Skirmisher |
| 16:40 | Queue | Skirmisher |
| 16:52 | Queue | Skirmisher |
| 16:54 | Queue | Villager (Male) |
| 17:25 | Queue | Villager (Male) |
| 17:26 | Queue | Villager (Male) |
| 17:30 | Build | Farm |
| 17:33 | Build | Farm |
| 17:55 | Build | Watch Tower |
| 17:57 | Queue | Villager (Male) |
| 18:09 | Queue | Skirmisher |
| 18:09 | Queue | Skirmisher |
| 18:21 | Queue | Villager (Male) |
| 18:24 | Research | Fletching |
| 18:25 | Research | Fletching |
| 18:25 | Research | Fletching |
| 18:32 | Build | Farm |
| 18:33 | Build | Farm |
| 18:52 | Build | Watch Tower |
| 18:54 | Queue | Villager (Male) |
| 19:05 | Build | Mining Camp |
| 19:06 | Queue | Villager (Male) |
| 19:08 | Build | Watch Tower |
| 19:15 | Queue | Villager (Male) |
| 19:39 | Queue | Skirmisher |
| 19:40 | Queue | Skirmisher |
| 20:03 | Queue | Villager (Male) |
| 20:06 | Build | Farm |
| 20:07 | Build | Farm |
| 20:14 | Build | Palisade Wall |
| 20:15 | Build | Palisade Wall |
| 20:16 | Build | Palisade Wall |
| 20:16 | Build | Palisade Wall |
| 20:18 | Build | Palisade Wall |
| 20:22 | Queue | Villager (Male) |
| 20:39 | Queue | Villager (Male) |
| 20:59 | Queue | Villager (Male) |
| 21:19 | Build | Watch Tower |
| 21:22 | Queue | Villager (Male) |
| 21:24 | Build | Farm |
| 21:26 | Queue | Villager (Male) |
| 21:49 | Queue | Skirmisher |
| 21:49 | Queue | Skirmisher |
| 21:57 | Queue | Skirmisher |
| 21:58 | Queue | Villager (Male) |
| 23:04 | Queue | Villager (Male) |
| 23:05 | Queue | Villager (Male) |
| 23:21 | Queue | Villager (Male) |
| 23:27 | Build | Lumber Camp |
| 23:33 | Queue | Villager (Male) |
| 24:06 | Queue | Villager (Male) |
| 24:07 | Queue | Villager (Male) |
| 24:08 | Build | Mining Camp |
| 24:10 | Queue | Villager (Male) |
| 24:19 | Queue | Villager (Male) |
| 24:29 | Build | Market |
| 25:17 | Build | Farm |
| 25:29 | Queue | Villager (Male) |
| 25:46 | Build | Farm |
| 25:46 | Build | Farm |
| 26:06 | Research | Castle Age |
| 26:07 | Research | Castle Age |
| 26:07 | Research | Castle Age |
| 26:14 | Build | Watch Tower |
| 26:19 | Queue | Spearman |
| 26:19 | Queue | Spearman |
Build order — Tayzer
First 150 of 347 actions detected
| 0:00 | Queue | Villager (Male) |
| 0:00 | Queue | Villager (Male) |
| 0:01 | Queue | Villager (Male) |
| 0:02 | Build | House |
| 0:03 | Build | House |
| 0:06 | Queue | Villager (Male) |
| 0:06 | Queue | Villager (Male) |
| 1:27 | Queue | Villager (Male) |
| 1:27 | Queue | Villager (Male) |
| 1:46 | Build | Lumber Camp |
| 1:49 | Queue | Villager (Male) |
| 1:49 | Queue | Villager (Male) |
| 2:26 | Queue | Villager (Male) |
| 2:26 | Queue | Villager (Male) |
| 2:53 | Queue | Villager (Male) |
| 2:54 | Queue | Villager (Male) |
| 2:57 | Queue | Villager (Male) |
| 2:57 | Queue | Villager (Male) |
| 3:26 | Build | House |
| 3:27 | Build | House |
| 3:34 | Queue | Villager (Male) |
| 3:34 | Queue | Villager (Male) |
| 4:04 | Queue | Villager (Male) |
| 4:04 | Queue | Villager (Male) |
| 4:15 | Build | Palisade Wall |
| 4:25 | Queue | Villager (Male) |
| 4:45 | Build | Mill |
| 4:49 | Queue | Villager (Male) |
| 5:12 | Queue | Villager (Male) |
| 5:12 | Queue | Villager (Male) |
| 5:59 | Queue | Villager (Male) |
| 6:01 | Queue | Villager (Male) |
| 6:16 | Research | Loom |
| 6:21 | Build | Barracks |
| 7:30 | Build | Mining Camp |
| 7:44 | Research | Feudal Age |
| 7:44 | Research | Feudal Age |
| 8:28 | Queue | Militia ×2 |
| 8:29 | Queue | Militia ×2 |
| 8:34 | Queue | Militia |
| 8:34 | Queue | Militia |
| 8:34 | Queue | Militia |
| 8:58 | Build | House |
| 8:59 | Build | House |
| 9:14 | Queue | Villager (Male) |
| 9:54 | Age | Feudal Age |
| 9:57 | Research | Man-at-Arms (upgrade) |
| 9:57 | Research | Man-at-Arms (upgrade) |
| 10:24 | Queue | Villager (Male) |
| 10:25 | Queue | Villager (Male) |
| 10:25 | Queue | Villager (Male) |
| 10:30 | Queue | Villager (Male) |
| 10:31 | Queue | Villager (Male) |
| 10:31 | Queue | Villager (Male) |
| 10:46 | Build | Archery Range |
| 11:10 | Queue | Villager (Male) |
| 11:27 | Queue | Villager (Male) |
| 11:49 | Queue | Archer ×3 |
| 11:50 | Queue | Archer ×3 |
| 11:50 | Queue | Archer ×3 |
| 11:58 | Build | Blacksmith |
| 12:05 | Build | Watch Tower |
| 12:15 | Build | Lumber Camp |
| 12:23 | Queue | Villager (Male) |
| 12:23 | Queue | Villager (Male) |
| 12:24 | Queue | Villager (Male) |
| 12:38 | Queue | Villager (Male) |
| 12:40 | Queue | Archer |
| 12:41 | Queue | Archer |
| 12:41 | Queue | Archer |
| 13:08 | Queue | Villager (Male) |
| 13:09 | Queue | Villager (Male) |
| 13:11 | Queue | Archer |
| 13:11 | Queue | Archer |
| 13:11 | Queue | Archer |
| 13:36 | Queue | Archer |
| 13:36 | Queue | Archer |
| 13:36 | Queue | Archer |
| 13:44 | Build | Farm |
| 13:46 | Build | Farm |
| 14:22 | Queue | Archer ×3 |
| 14:22 | Queue | Archer ×3 |
| 14:26 | Build | House |
| 14:27 | Build | House |
| 14:51 | Build | Archery Range |
| 14:57 | Build | Market |
| 15:14 | Queue | Villager (Male) |
| 15:14 | Queue | Villager (Male) |
| 15:24 | Build | Farm |
| 15:27 | Build | Farm |
| 15:43 | Build | House |
| 15:44 | Build | House |
| 16:06 | Queue | Militia ×2 |
| 16:07 | Queue | Militia ×2 |
| 16:14 | Queue | Archer |
| 16:14 | Queue | Archer |
| 16:14 | Queue | Archer |
| 16:19 | Build | House |
| 16:21 | Build | House |
| 16:42 | Build | House |
| 17:03 | Research | Fletching |
| 17:03 | Research | Fletching |
| 17:20 | Queue | Villager (Male) |
| 17:21 | Queue | Villager (Male) |
| 17:25 | Queue | Archer |
| 17:25 | Queue | Archer |
| 17:25 | Queue | Archer |
| 17:25 | Queue | Archer |
| 17:37 | Build | House |
| 17:38 | Build | House |
| 17:42 | Build | Palisade Wall |
| 17:43 | Build | Palisade Wall |
| 17:53 | Queue | Archer ×2 |
| 17:54 | Queue | Archer ×2 |
| 17:54 | Queue | Archer ×2 |
| 18:21 | Build | Farm |
| 18:23 | Build | Farm |
| 18:25 | Queue | Villager (Male) |
| 18:53 | Queue | Villager (Male) |
| 19:15 | Queue | Villager (Male) |
| 19:31 | Build | Lumber Camp |
| 19:33 | Queue | Villager (Male) |
| 19:56 | Queue | Villager (Male) |
| 20:03 | Build | Farm |
| 20:35 | Queue | Villager (Male) |
| 20:38 | Queue | Villager (Male) |
| 20:41 | Build | Farm |
| 21:17 | Queue | Villager (Male) |
| 21:19 | Build | Farm |
| 21:48 | Queue | Villager (Male) |
| 22:02 | Build | Farm |
| 23:00 | Research | Castle Age |
| 23:00 | Research | Castle Age |
| 23:00 | Research | Castle Age |
| 23:27 | Research | Double-Bit Axe |
| 23:28 | Research | Double-Bit Axe |
| 23:42 | Queue | Archer |
| 23:43 | Queue | Archer |
| 24:21 | Build | Archery Range |
| 24:25 | Queue | Archer |
| 25:05 | Queue | Archer ×5 |
| 25:06 | Queue | Archer ×5 |
| 25:06 | Queue | Archer |
| 25:23 | Research | Horse Collar |
| 25:23 | Research | Horse Collar |
| 25:29 | Queue | Villager (Male) |
| 25:40 | Age | Castle Age |
| 25:42 | Build | Siege Workshop |
| 25:44 | Research | Crossbowman (upgrade) |
| 25:45 | Research | Crossbowman (upgrade) |
Match timeline
| 4:15 | Tayzer · wall_segment Palisade Wall x5 |
| 6:21 | Tayzer · first_building Barracks |
| 8:22 | Mingzhou · first_building Barracks |
| 8:54 | Mingzhou · age_up feudal |
| 9:10 | Mingzhou · first_building Archery Range |
| 9:54 | Tayzer · age_up feudal |
| 10:46 | Tayzer · first_building Archery Range |
| 11:58 | Mingzhou · wall_segment Palisade Wall x1 |
| 11:59 | Mingzhou · wall_segment Palisade Wall x1 |
| 12:00 | Mingzhou · wall_segment Palisade Wall x1 |
| 16:04 | Tayzer · first_market_buy 100 food |
| 17:42 | Tayzer · wall_segment Palisade Wall x1 |
| 17:43 | Tayzer · wall_segment Palisade Wall x1 |
| 20:14 | Mingzhou · wall_segment Palisade Wall x1 |
| 20:15 | Mingzhou · wall_segment Palisade Wall x1 |
| 20:16 | Mingzhou · wall_segment Palisade Wall x1 |
| 20:16 | Mingzhou · wall_segment Palisade Wall x1 |
| 20:18 | Mingzhou · wall_segment Palisade Wall x1 |
| 22:39 | Tayzer · first_market_sell 500 wood |
| 25:40 | Tayzer · age_up castle |
| 25:42 | Tayzer · first_building Siege Workshop |
| 25:55 | Mingzhou · first_market_sell 100 wood |
| 26:42 | Mingzhou · first_building Stable |
| 28:46 | Mingzhou · age_up castle |
| 36:04 | Tayzer · first_building Monastery |
| 38:19 | Mingzhou · first_building Monastery |
| 38:49 | Mingzhou · first_building Castle |
| 41:33 | Tayzer · first_building Castle |
| 42:29 | Tayzer · age_up imperial |
| 43:59 | Mingzhou · wall_segment Palisade Wall x1 |
| 43:59 | Mingzhou · wall_segment Palisade Wall x1 |
| 45:09 | Mingzhou · wall_segment Palisade Wall x1 |
| 46:51 | Mingzhou · wall_segment Palisade Wall x3 |
| 46:53 | Mingzhou · wall_segment Palisade Wall x3 |
| 47:27 | Mingzhou · age_up imperial |
| 50:07 | Tayzer · wall_segment Stone Wall x1 |
| 50:47 | Tayzer · wall_segment Stone Wall x7 |
| 52:17 | Tayzer · wall_segment Stone Wall x6 |
| 52:20 | Tayzer · wall_segment Stone Wall x9 |
| 52:32 | Tayzer · wall_segment Stone Wall x1 |
| 53:34 | Tayzer · resign |
[ AI ANALYSIS · 1 CREDIT ]
What really happened in this match?
Wolo.gg analyzes every decision: build order, eco, micro, common mistakes by bracket. Personalized analysis on WhatsApp or Discord in 30 seconds.
Civ guide
Huns
Perfil
Jugador #358539